 Dungeon Crawl Stone Soup version 0.19-a0-1035-gdbfb0c6 (webtiles) character file.

135 seren the Ruffian (level 4, 0/35 HPs)
             Began as a Draconian Transmuter on July 29, 2016.
             Slain by a goblin
             ... wielding a +2 dagger of freezing
             ... led by Robin
              (2 damage)
             ... on level 2 of the Dungeon.
             The game lasted 00:07:33 (2583 turns).

seren the Ruffian (Draconian Transmuter)            Turns: 2583, Time: 00:07:35

Health: 0/35       AC:  5    Str: 13 (14) XL:     4   Next: 97%
Magic:  7/7        EV: 12    Int: 10 (13) God:
Gold:   102        SH:  0    Dex: 10 (11) Spells: 1 memorised, 6 levels left

rFire  . . .     SeeInvis .       - Unarmed
rCold  . . .     Gourm    .     (armour unavailable)
rNeg   . . .     Faith    .     (no shield)
rPois  .         Spirit   .     (helmet restricted)
rElec  .         Dismiss  .     (no cloak)
rCorr  .         Reflect  .     (no gloves)
SustAt .         Harm     .     (no boots)
MR     .....                    (no amulet)
Stlth  +.........               (no ring)
                                (no ring)

@: not resistant to hostile enchantments, very unstealthy
A: unfitting armour, cold-blooded, AC +5
a: no special abilities


You were on level 2 of the Dungeon.
You were hungry.

You visited 1 branch of the dungeon, and saw 2 of its levels.

You collected 102 gold pieces.

Inventory:

Missiles
 a - 36 arrows
 d - 52 stones (quivered)
Scrolls
 e - a scroll of enchant armour {unknown}
 f - a scroll of recharging {unknown}
 g - 4 scrolls of identify {unknown}
 i - a scroll of enchant weapon {unknown}
 j - a scroll of immolation {unknown}
 l - a scroll of remove curse {unknown}
 m - a scroll of amnesia {unknown}
Potions
 n - a potion of degeneration
Books
 b - a book of Changes

   Spells                             Type                      Level
   a - Beastly Appendage              Transmutation                1
   b - Sticks to Snakes               Transmutation                2
   c - Spider Form                    Transmutation/Poison         3
   d - Ice Form                       Ice/Transmutation            4
   e - Blade Hands                    Transmutation                5
Comestibles
 c - 2 bread rations
 h - a meat ration
 k - a beef jerky
 o - 2 chunks of flesh


   Skills:
 - Level 1.1 Fighting
 - Level 1.7 Dodging
 + Level 5.7 Unarmed Combat
 - Level 2.0 Spellcasting
 - Level 2.0 Transmutations


You had 6 spell levels left.
You knew the following spells:

 Your Spells              Type           Power        Failure   Level  Hunger
a - Beastly Appendage     Tmut           #.....       14%         1    ##.....


Dungeon Overview and Level Annotations

Branches:
Dungeon (2/15)

Altars:


Innate Abilities, Weirdness & Mutations

Your plain brown scales are hard. (AC +5)
Your body does not fit into most forms of armour.
You are cold-blooded and may be slowed by cold attacks.


Message History

You are too injured to fight recklessly!
You barely miss the dart slug.
The dart slug is heavily wounded.
The dart slug barely misses you.
The goblin hits you with a dagger of freezing.
* * * LOW HITPOINT WARNING * * *
The goblin freezes you.
* * * LOW HITPOINT WARNING * * *
You hit the dart slug.
You kill the dart slug!
The goblin barely misses you.
You miss the goblin. You closely miss the goblin. The goblin barely misses you.
It was a potion of degeneration.
There was something very wrong with that liquid.
You feel weakened.
You feel dopey.
You feel clumsy.
The goblin hits you with a dagger of freezing.
* * * LOW HITPOINT WARNING * * *
The goblin freezes you.
You die...

##.......## ##...
#.♣#####♣.# #...
#.##...##.# #..#
###.#.♣.♣.#.###### #..#
#.@w#..<..'.# ...# #..#
#.#.#.♣.♣.#g####>######..##
#.#)##.).##.#..............
#.#.♣#####♣g#.......#.#.@##
#@##...))†@#####.........#
#.########### ####.#....#
#...# #.##.# #.#...## ###.#
#.##.# #.#...# #@# #.##.###
#@#..... #.# #)##...#
#.#..#### #@# #.####.#
#.#... #.# #.# #.# #.#.##
#.# #.####.#####.#


You could see 2 goblins.

Vanquished Creatures
  Terence (D:2)
  Robin (D:2)
  A gnoll (D:1)
  3 adders (D:2)
  3 worms
  2 dart slugs (D:2)
  A giant gecko (D:2)
  5 bats (D:1)
  10 goblins
  6 hobgoblins
  2 jackals (D:1)
  2 ball pythons (D:1)
  2 giant newts (D:1)
  7 kobolds
  3 rats (D:1)
49 creatures vanquished.

Notes
Turn   | Place    | Note
-------+----------+-------------------------------------------
     0 | D:1      | seren the Draconian Transmuter began the quest for the Orb.
     0 | D:1      | Reached XP level 1. HP: 16/16 MP: 3/3
   268 | D:1      | Reached XP level 2. HP: 16/23 MP: 3/5
   603 | D:1      | Reached skill level 4 in Unarmed Combat
   760 | D:1      | Reached XP level 3. HP: 27/28 MP: 6/6
  1772 | D:2      | Noticed Robin
  2005 | D:2      | Reached skill level 5 in Unarmed Combat
  2005 | D:2      | Reached XP level 4. HP: 28/35 MP: 7/7
  2476 | D:2      | Noticed Terence
  2547 | D:2      | Killed Terence
  2566 | D:2      | Killed Robin
  2583 | D:2      | Slain by a goblin

Vault maps used:
D:1:      dpeg_arrival_tiny_i, corexii_leaking_fountain
D:2:      grunt_ministairs_11, grunt_pakellas_salt, uniq_terence, uniq_robin

Skill      XL: |  1  2  3 |
---------------+----------+-----
Unarmed Combat | 4 5 |  5.7
Fighting       | |  1.1
Dodging        | |  1.7
Spellcasting   | |  2.0
Transmutations | |  2.0

Action                   |  1- 3 |  4- 6 || total
-------------------------+-------+-------++-------
Melee: Unarmed           |   135 |    54 ||   189
       Tailslap          |    12 |     6 ||    18
       Headbutt          |     3 |     3 ||     6
       Punch             |     1 |     1 ||     2
       Kick              |     5 |       ||     5
 Cast: Beastly Appendage |     6 |     3 ||     9
  Use: Potion            |       |     1 ||     1
  Eat: Chunk             |     4 |     1 ||     5
Armor: Skin              |    31 |     9 ||    40
Dodge: Dodged            |    63 |    25 ||    88
